 Dungeon Crawl Stone Soup version 0.30-a0-4-ga7cffc901d (webtiles) character file.

Game seed: 14483966826956085790

79 Setbun the Chopper (level 4, -5/40 HPs)
             Began as a Hill Orc Fighter on Aug 20, 2022.
             Slain by Grinder (6 damage)
             ... while paralysed by Grinder
             ... on level 3 of the Dungeon.
             The game lasted 00:02:29 (1984 turns).

Setbun the Chopper (Hill Orc Fighter)               Turns: 1984, Time: 00:02:29

Health: -5/40      AC: 12    Str: 20    XL:     4   Next: 38%
Magic:  4/4        EV:  2    Int:  8    God:
Gold:   121        SH:  0    Dex: 10    Spells: 3/3 levels left

rFire   . . .      SeeInvis +    a - +0 war axe
rCold   . . .      Faith    .    c - +0 buckler
rNeg    . . .      Spirit   .    b - +0 scale mail
rPois   .          Reflect  .    e - +0 helmet
rElec   .          Harm     .    (no cloak)
rCorr   .          Rampage  .    (no gloves)
Will    .....                    (no boots)
Stlth   ..........               (no amulet)
HPRegen 0.13/turn                u - ring of see invisible
MPRegen 0.09/turn                w - +4 ring of protection

@: paralysed
A: no striking features
a: no special abilities


You were on level 3 of the Dungeon.
You visited 1 branch of the dungeon, and saw 3 of its levels.

You collected 121 gold pieces.

Inventory:

Hand Weapons
 a - a +0 war axe (weapon)
Armour
 b - a +0 scale mail (worn)
 c - a +0 buckler (worn)
 e - a +0 helmet (worn)
Jewellery
 t - a ring of fire
 u - a ring of see invisible (left hand)
 w - a +4 ring of protection (right hand)
Scrolls
 f - a scroll of silence {unknown}
 g - a scroll of brand weapon {unknown}
 i - 2 scrolls of teleportation {unknown}
 j - 2 scrolls of noise {unknown}
 n - a scroll of summoning {unknown}
 o - 2 scrolls of immolation {unknown}
 p - 2 scrolls of fog {unknown}
 q - a scroll of amnesia {unknown}
 v - a scroll of identify {unknown}
Potions
 d - a potion of might
 h - a potion of curing {unknown}
 k - 3 potions of attraction {unknown}
 l - a potion of lignification {unknown}
 m - a potion of cancellation {unknown}
 r - a potion of heal wounds {unknown}
 s - 2 potions of brilliance {unknown}
 x - a potion of mutation {unknown}


   Skills:
 + Level 4.2 Fighting
 * Level 4.3 Axes
 + Level 3.8 Armour
 + Level 3.8 Shields


You had 3 spell levels left.
You didn't know any spells.
Your spell library contained the following spells:

 Spells                   Type           Power      Damage    Failure   Level
 Inner Flame              Hex/Fire       0%         N/A       99%         3
 Cause Fear               Hex            0%         N/A       100%        4
 Discord                  Hex            0%         N/A       100%        8


Dungeon Overview and Level Annotations

Branches:
Dungeon (3/15)

Altars:
Uskayaw

Shops:
D:2 (   D:3 =

Annotations:
D:3 Grinder


Message History

You closely miss Grinder.
Grinder blinks! x2
You barely miss Grinder. Grinder hits you but does no damage.
You barely miss Grinder. Grinder hits you but does no damage. x2
You closely miss Grinder. You block Grinder's attack.
You hit Grinder but do no damage. Grinder gestures at you.
Pain shoots through your body!
You closely miss Grinder.
Grinder blinks!
Grinder blinks!
You start resting.
Grinder is nearby!
Grinder is nearby!
Grinder gestures at you.
You barely resist. You closely miss Grinder. Grinder completely misses you.
Grinder gestures at you.
You suddenly lose the ability to move!
Grinder gestures at you.
You barely resist.
Grinder says, "Tell me all your secrets, or I'll kill you."
Grinder hits you!
You writhe in agony.
Grinder hits you.
You writhe in agony.
You can move again.
You hit Grinder but do no damage. Grinder hits you.
* * * LOW HITPOINT WARNING * * *
You writhe in agony.
* * * LOW HITPOINT WARNING * * *
You hit Grinder.
Grinder is lightly wounded.
Grinder hits you but does no damage.
Unknown command.
You hit Grinder but do no damage.
Grinder is lightly wounded.
Grinder gestures at you.
You suddenly lose the ability to move!
Grinder hits you.
* * * LOW HITPOINT WARNING * * *
You writhe in agony.
* * * LOW HITPOINT WARNING * * *
Grinder hits you.
You die...

.#. #...........
.#.###...........
.#.#....()†......
.#.#.....###.....
.#.#.††..# ...
.#.#.....# #
##...§...#########
##†.####.......5.#
....############@#
...∩........# #.#
.##.....###.# #.#
###..##...#.####.#
.....####.5......#
##[..# #.....####
##### #.....#
#.##### #.#


You could see Grinder.

Vanquished Creatures
  3 adders
  2 worms (D:3)
  A dart slug (D:1)
  8 bats
  2 endoplasms (D:1)
  A giant cockroach (D:1)
  5 goblins
  3 hobgoblins (D:1)
  4 quokkas
  A ball python (D:2)
  3 frilled lizards
  4 kobolds
  9 rats
46 creatures vanquished.

Vanquished Creatures (others)
  A plant (D:2)
1 creature vanquished.

Grand Total: 47 creatures vanquished

Notes
Turn   | Place    | Note
-------+----------+-------------------------------------------
     0 | D:1      | Setbun the Hill Orc Fighter began the quest for the Orb.
     0 | D:1      | Reached XP level 1. HP: 19/19 MP: 1/1
    95 | D:1      | Reached XP level 2. HP: 26/27 MP: 2/2
   435 | D:1      | Reached XP level 3. HP: 31/33 MP: 3/3
  1086 | D:2      | Found Tuufaub's Weapon Shop.
  1513 | D:3      | Found a hide-covered altar of Uskayaw.
  1713 | D:3      | Found Sysajiom's Jewellery Emporium.
  1724 | D:3      | Reached XP level 4. HP: 31/40 MP: 4/4
  1904 | D:3      | Noticed Grinder
  1977 | D:3      | Paralysed by Grinder for 4 turns
  1983 | D:3      | Paralysed by Grinder for 5 turns
  1983 | D:3      | HP: 1/40 [Grinder (6)]
  1984 | D:3      | Slain by Grinder

Illustrated notes

Levels and vault maps discovered:
D:1:      dpeg_arrival_arbitrary_c, layout_loops_ring, minmay_fountain_box
D:2:      layout_basic, serial_shops, nicolae_shop_stone,
          guppyfry_early_lair_pool
D:3:      layout_basic, demons_altar, nicolae_qazlal_eye_of_the_storm,
          mainiacjoe_overflow_large_starburst,
          mainiacjoe_overflow_surrounded_room, serial_shops,
          nicolae_square_shop, uniq_terence, uniq_grinder

Skill      XL: |  1  2  3 |
---------------+----------+-----
Axes           | 3 4 |  4.3
Fighting       | 4 |  4.2
Armour         | |  3.8
Shields        | |  3.8

Action                   |  1- 3 |  4- 6 || total
-------------------------+-------+-------++-------
Melee: War axe           |   114 |    31 ||   145
Armor: Scale mail        |    71 |    13 ||    84
Dodge: Dodged            |    45 |     9 ||    54
Block: Buckler           |    19 |     3 ||    22

Table legend: (Time is in decaauts)
 A = Elapsed time spent in this place.
 B = Non-inter-level travel time spent in this place.
 C = Inter-level travel time spent in this place.
 D = Time resting spent in this place.
 E = Time spent auto-exploring this place.
 F = Levels seen in this place.
 G = Mean time per level.
                   A        B        C        D        E       F      G
               +--------+--------+--------+--------+--------+-----+--------+
         Total |   2033 |   1985 |     48 |      6 |   1564 |   3 |  677.7 |
       Dungeon |   2033 |   1985 |     48 |      6 |   1564 |   3 |  677.7 |
               +--------+--------+--------+--------+--------+-----+--------+

Top non-repeatable levels by time:
     D:1: 824 daAuts
     D:2: 706 daAuts
     D:3: 502 daAuts
